| TOP OF THE 1ST |
|
California State University at Fullerton Titans batting - Pitching for University of Miami Hurricanes : RHP Javier Valverde
|
|
Pitching: RHP Javier Valverde
|
|
|
Batting: LHB Mike Fernandez
|
0-0: Foul Ball, location: 2F 0-1: Ball 1-1: Ball 2-1: Foul Ball, location: 2F 2-2: Strikes out swinging
|
|
Batting: LHB Jim Snell
|
0-0: Called Strike 0-1: Foul Ball, location: 2F 0-2: Ball 1-2: Strikes out swinging
|
|
Batting: RHB Simon Sultzbach
|
0-0: Foul Ball, location: 2F 0-1: Ground out 5-3 (Groundball, 5, EV 88.1 MPH)
|
| Top of the 1st over - 0 runs, 0 hits, 0 errors, 0 left on base; California State University at Fullerton 0 - University of Miami 0 |
| BOTTOM OF THE 1ST |
|
University of Miami Hurricanes batting - Pitching for California State University at Fullerton Titans : LHP Malcolm Mcquade
|
|
Pitching: LHP Malcolm Mcquade
|
|
|
Batting: RHB Danny Gallardo
|
0-0: Ball 1-0: Called Strike 1-1: Foul Ball, location: 2F 1-2: Foul Ball, location: 2F 1-2: Strikes out swinging
|
|
Batting: LHB Brian Woods
|
0-0: Called Strike 0-1: SINGLE (Groundball, 4D, EV 105.6 MPH)
|
|
Batting: SHB Taylor Shelton
|
0-0: Ball 1-0: Ball Brian Woods is caught stealing 2nd base 2-4 2-0: Foul Ball, location: 2F 2-1: Foul Ball, location: 2F 2-2: Ground out 6-3 (Groundball, 6, EV 99.4 MPH)
|
| Bottom of the 1st over - 0 runs, 1 hit, 0 errors, 0 left on base; California State University at Fullerton 0 - University of Miami 0 |
| TOP OF THE 2ND |
|
California State University at Fullerton Titans batting - Pitching for University of Miami Hurricanes : RHP Javier Valverde
|
|
Batting: LHB Alberto Aguilar
|
0-0: Fly out, F8 (Flyball, 8LXD, EV 110.6 MPH)
|
|
Batting: SHB Jason Pugh
|
0-0: Swinging Strike 0-1: Swinging Strike 0-2: Ball 1-2: Strikes out swinging, 2-3 out at first.
|
|
Batting: RHB Justin Thomas
|
0-0: Swinging Strike 0-1: Foul Ball, location: 2F 0-2: Ball 1-2: Ball 2-2: Fly out, F7 (Line Drive, 7, EV 96.2 MPH)
|
| Top of the 2nd over - 0 runs, 0 hits, 0 errors, 0 left on base; California State University at Fullerton 0 - University of Miami 0 |
| BOTTOM OF THE 2ND |
|
University of Miami Hurricanes batting - Pitching for California State University at Fullerton Titans : LHP Malcolm Mcquade
|
|
Batting: RHB Chris Zubia
|
0-0: Ball 1-0: Called Strike 1-1: Ball 2-1: Swinging Strike 2-2: Ball 3-2: Base on Balls
|
|
Batting: LHB Hector Salazar
|
0-0: Called Strike 0-1: Ball Wild Pitch! Chris Zubia to second 1-1: Ball 2-1: Called Strike 2-2: Strikes out swinging
|
|
Batting: LHB Addergoole Kartosuwiryo
|
0-0: Called Strike 0-1: Called Strike 0-2: Strikes out swinging
|
|
Batting: LHB Juan Zuniga
|
0-0: Swinging Strike 0-1: Called Strike 0-2: Ball 1-2: Ball 2-2: Ground out 5-3 (Groundball, 56, EV 91.2 MPH)
|
| Bottom of the 2nd over - 0 runs, 0 hits, 0 errors, 1 left on base; California State University at Fullerton 0 - University of Miami 0 |
| TOP OF THE 3RD |
|
California State University at Fullerton Titans batting - Pitching for University of Miami Hurricanes : RHP Javier Valverde
|
|
Batting: LHB John Blumberg
|
0-0: Swinging Strike 0-1: Fly out, F4 (Popup, 34D, EV 55.0 MPH)
|
|
Batting: LHB Steve Lane
|
0-0: Ball 1-0: Foul Ball, location: 2F 1-1: Foul Ball, location: 2F 1-2: Ball 2-2: Strikes out swinging
|
|
Batting: RHB Alex Freyre
|
0-0: Swinging Strike 0-1: Foul Ball, location: 2F 0-2: Foul Ball, location: 2F 0-2: Strikes out swinging
|
| Top of the 3rd over - 0 runs, 0 hits, 0 errors, 0 left on base; California State University at Fullerton 0 - University of Miami 0 |
| BOTTOM OF THE 3RD |
|
University of Miami Hurricanes batting - Pitching for California State University at Fullerton Titans : LHP Malcolm Mcquade
|
|
Batting: RHB Mark Kerr
|
0-0: Swinging Strike 0-1: Ball 1-1: Swinging Strike 1-2: Strikes out swinging
|
|
Batting: RHB Justin Jackson
|
0-0: Ball 1-0: Called Strike 1-1: SINGLE (Groundball, 6D, EV 97.5 MPH)
|
|
Batting: RHB Danny Gallardo
|
0-0: Ball 1-0: Called Strike 1-1: Foul Ball, location: 2F 1-2: Foul Ball, location: 2F 1-2: Foul Ball, location: 2F 1-2: Ball 2-2: Ball 3-2: Base on Balls Justin Jackson to second
|
|
Batting: LHB Brian Woods
|
0-0: Fielders Choice at 2nd, 4-6 (Groundball, 4, EV 103.8 MPH) Justin Jackson to third
|
|
Batting: SHB Taylor Shelton
|
0-0: Ball 1-0: Ball Brian Woods is caught stealing 2nd base 2-4
|
| Bottom of the 3rd over - 0 runs, 1 hit, 0 errors, 1 left on base; California State University at Fullerton 0 - University of Miami 0 |
| TOP OF THE 4TH |
|
California State University at Fullerton Titans batting - Pitching for University of Miami Hurricanes : RHP Javier Valverde
|
|
Batting: LHB Mike Fernandez
|
0-0: Ball 1-0: Called Strike 1-1: Called Strike 1-2: Ball 2-2: Fly out, F4 (Line Drive, 4, EV 70.0 MPH)
|
|
Batting: LHB Jim Snell
|
0-0: Called Strike 0-1: Ball 1-1: Foul Ball, location: 2F 1-2: Ball 2-2: Foul Ball, location: 2F 2-2: Ball 3-2: Ground out 1-3 (Groundball, 13S, EV 66.2 MPH)
|
|
Batting: RHB Simon Sultzbach
|
0-0: Ball 1-0: Swinging Strike 1-1: Ball 2-1: Swinging Strike 2-2: Foul Ball, location: 2F 2-2: Strikes out swinging
|
| Top of the 4th over - 0 runs, 0 hits, 0 errors, 0 left on base; California State University at Fullerton 0 - University of Miami 0 |
| BOTTOM OF THE 4TH |
|
University of Miami Hurricanes batting - Pitching for California State University at Fullerton Titans : LHP Malcolm Mcquade
|
|
Batting: SHB Taylor Shelton
|
0-0: Foul Ball, location: 2F 0-1: Reached on error, E6 (Groundball, 56, EV 88.1 MPH)
|
|
Batting: RHB Chris Zubia
|
0-0: Swinging Strike 0-1: Ball 1-1: Fly out, F6 (Line Drive, 6, EV 65.6 MPH)
|
|
Batting: LHB Hector Salazar
|
0-0: Foul Ball, location: 2F 0-1: Ball 1-1: Fly out, F6 (Popup, 6, EV 66.2 MPH)
|
|
Batting: LHB Addergoole Kartosuwiryo
|
0-0: Ball 1-0: Foul Ball, location: 2F 1-1: Ball 2-1: Called Strike 2-2: Strikes out swinging
|
| Bottom of the 4th over - 0 runs, 0 hits, 1 error, 1 left on base; California State University at Fullerton 0 - University of Miami 0 |
| TOP OF THE 5TH |
|
California State University at Fullerton Titans batting - Pitching for University of Miami Hurricanes : RHP Javier Valverde
|
|
Batting: LHB Alberto Aguilar
|
0-0: Foul Ball, location: 2F 0-1: Ground out 4-3 (Groundball, 4, EV 85.0 MPH)
|
|
Batting: SHB Jason Pugh
|
0-0: Called Strike 0-1: Fly out, F8 (Line Drive, 89M, EV 99.4 MPH)
|
|
Batting: RHB Justin Thomas
|
0-0: SINGLE (Groundball, 4MS, EV 95.0 MPH)
|
|
Batting: LHB John Blumberg
|
0-0: Ball 1-0: Swinging Strike 1-1: Foul Ball, location: 2F 1-2: Ball 2-2: Strikes out swinging
|
| Top of the 5th over - 0 runs, 1 hit, 0 errors, 1 left on base; California State University at Fullerton 0 - University of Miami 0 |
| BOTTOM OF THE 5TH |
|
University of Miami Hurricanes batting - Pitching for California State University at Fullerton Titans : LHP Malcolm Mcquade
|
|
Batting: LHB Juan Zuniga
|
0-0: Fly out, F8 (Flyball, 8LD, EV 95.6 MPH)
|
|
Batting: RHB Mark Kerr
|
0-0: Called Strike 0-1: Swinging Strike 0-2: Ball 1-2: Ball 2-2: Foul Ball, location: 2F 2-2: Foul Ball, location: 2F 2-2: Strikes out swinging
|
|
Batting: RHB Justin Jackson
|
0-0: Called Strike 0-1: Ground out 4-3 (Groundball, 4M, EV 89.4 MPH)
|
| Bottom of the 5th over - 0 runs, 0 hits, 0 errors, 0 left on base; California State University at Fullerton 0 - University of Miami 0 |
| TOP OF THE 6TH |
|
California State University at Fullerton Titans batting - Pitching for University of Miami Hurricanes : RHP Javier Valverde
|
|
Batting: LHB Steve Lane
|
0-0: Ball 1-0: Foul Ball, location: 2F 1-1: Foul Ball, location: 2F 1-2: Ground out 6-3 (Groundball, P, EV 86.2 MPH)
|
|
Batting: RHB Alex Freyre
|
0-0: Ball 1-0: SINGLE (Groundball, 4, EV 100.0 MPH)
|
|
Batting: LHB Mike Fernandez
|
0-0: Called Strike Alex Freyre is caught stealing 2nd base 2-6 0-1: Ball 1-1: Ball 2-1: Fly out, F8 (Flyball, 78M, EV 90.0 MPH)
|
| Top of the 6th over - 0 runs, 1 hit, 0 errors, 0 left on base; California State University at Fullerton 0 - University of Miami 0 |
| BOTTOM OF THE 6TH |
|
University of Miami Hurricanes batting - Pitching for California State University at Fullerton Titans : LHP Malcolm Mcquade
|
|
Batting: RHB Danny Gallardo
|
0-0: Called Strike 0-1: Called Strike 0-2: Ball 1-2: Ground out 6-3 (Groundball, 6, EV 78.1 MPH)
|
|
Pitching: LHP David Garcia
|
|
|
Batting: LHB Brian Woods
|
0-0: Ball 1-0: Called Strike 1-1: Swinging Strike 1-2: Ball 2-2: Strikes out swinging
|
|
Batting: SHB Taylor Shelton
|
0-0: Ball 1-0: Ball 2-0: Called Strike 2-1: Foul Ball, location: 2F 2-2: Ball 3-2: Ground out 4-3 (Groundball, 4M, EV 101.2 MPH)
|
| Bottom of the 6th over - 0 runs, 0 hits, 0 errors, 0 left on base; California State University at Fullerton 0 - University of Miami 0 |
| TOP OF THE 7TH |
|
California State University at Fullerton Titans batting - Pitching for University of Miami Hurricanes : RHP Javier Valverde
|
|
Batting: LHB Jim Snell
|
0-0: Ball 1-0: SINGLE (Line Drive, 89S, EV 95.6 MPH)
|
|
Batting: RHB Simon Sultzbach
|
0-0: Called Strike Jim Snell steals 2nd base 0-1: Fly out, F4 (Popup, 4S, EV 83.1 MPH)
|
|
Batting: LHB Alberto Aguilar
|
0-0: Intentional Walk
|
|
Batting: SHB Jason Pugh
|
0-0: Ball 1-0: Foul Ball, location: 2F 1-1: Called Strike 1-2: Strikes out swinging
|
|
Batting: RHB Justin Thomas
|
0-0: Ball 1-0: Ball 2-0: Reached on error, E6 (Groundball, 6, EV 85.0 MPH) Jim Snell to third Alberto Aguilar to second
|
|
Pitching: LHP Ryan Hosken
|
|
|
Batting: LHB John Blumberg
|
0-0: Called Strike 0-1: Ball 1-1: Ball 2-1: Ball 3-1: Fly out, F8 (Flyball, 8RM, EV 83.8 MPH)
|
| Top of the 7th over - 0 runs, 1 hit, 1 error, 3 left on base; California State University at Fullerton 0 - University of Miami 0 |
| BOTTOM OF THE 7TH |
|
University of Miami Hurricanes batting - Pitching for California State University at Fullerton Titans : LHP David Garcia
|
|
Pitching: RHP David Akers
|
|
|
Batting: RHB Chris Zubia
|
0-0: Ball 1-0: SINGLE (Groundball, 56D, EV 98.1 MPH)
|
|
Batting: LHB Hector Salazar
|
0-0: Swinging Strike 0-1: Swinging Strike 0-2: Foul Ball, location: 2F 0-2: Strikes out swinging
|
|
Batting: LHB Addergoole Kartosuwiryo
|
0-0: Called Strike 0-1: Called Strike Chris Zubia is caught stealing 2nd base 2-6 0-2: Strikes out swinging
|
| Bottom of the 7th over - 0 runs, 1 hit, 0 errors, 0 left on base; California State University at Fullerton 0 - University of Miami 0 |
| TOP OF THE 8TH |
|
California State University at Fullerton Titans batting - Pitching for University of Miami Hurricanes : LHP Ryan Hosken
|
|
Pinch Hitting: SHB Eric Delikat
|
0-0: Foul Ball, location: 2F 0-1: Foul Ball, location: 2F 0-2: Foul Ball, location: 2F 0-2: Ball 1-2: Fly out, F9 (Flyball, 9, EV 93.8 MPH)
|
|
Pitching: RHP Gerald Heemskerk
|
|
|
Batting: RHB Alex Freyre
|
0-0: Ball 1-0: Foul Ball, location: 2F 1-1: Called Strike 1-2: Ball 2-2: Foul Ball, location: 2F 2-2: Foul Ball, location: 2F 2-2: Foul Ball, location: 2F 2-2: Fly out, F7 (Flyball, 7LM, EV 79.4 MPH)
|
|
Batting: LHB Mike Fernandez
|
0-0: Ball 1-0: Ball 2-0: Called Strike 2-1: Foul Ball, location: 2F 2-2: Strikes out swinging
|
| Top of the 8th over - 0 runs, 0 hits, 0 errors, 0 left on base; California State University at Fullerton 0 - University of Miami 0 |
| BOTTOM OF THE 8TH |
|
University of Miami Hurricanes batting - Pitching for California State University at Fullerton Titans : RHP David Akers
|
|
Now at 2B: Zach Warwick
|
|
|
Now at SS: Alberto Aguilar
|
|
|
Batting: LHB Juan Zuniga
|
0-0: Ball 1-0: Called Strike 1-1: Called Strike 1-2: Ball 2-2: Strikes out swinging
|
|
Batting: RHB Mark Kerr
|
0-0: Called Strike 0-1: SINGLE (Groundball, 15S, EV 66.9 MPH) (infield hit)
|
|
Batting: RHB Justin Jackson
|
0-0: Ball Mark Kerr is caught stealing 2nd base 2-4 1-0: Fly out, F8 (Flyball, 89M, EV 86.9 MPH)
|
| Bottom of the 8th over - 0 runs, 1 hit, 0 errors, 0 left on base; California State University at Fullerton 0 - University of Miami 0 |
| TOP OF THE 9TH |
|
California State University at Fullerton Titans batting - Pitching for University of Miami Hurricanes : RHP Gerald Heemskerk
|
|
Batting: LHB Jim Snell
|
0-0: Foul Ball, location: 2F 0-1: Ball 1-1: Called Strike 1-2: Ball 2-2: Foul Ball, location: 2F 2-2: Foul Ball, location: 2F 2-2: Foul Ball, location: 2F 2-2: Fly out, F7 (Flyball, 78S, EV 88.8 MPH)
|
|
Batting: RHB Simon Sultzbach
|
0-0: Ball 1-0: Foul Ball, location: 2F 1-1: Swinging Strike 1-2: Ball 2-2: Strikes out looking
|
|
Batting: LHB Alberto Aguilar
|
0-0: Called Strike 0-1: Foul Ball, location: 2F 0-2: Ball 1-2: Strikes out swinging
|
| Top of the 9th over - 0 runs, 0 hits, 0 errors, 0 left on base; California State University at Fullerton 0 - University of Miami 0 |
| BOTTOM OF THE 9TH |
|
University of Miami Hurricanes batting - Pitching for California State University at Fullerton Titans : RHP David Akers
|
|
Pinch Hitting: RHB Burke Miller
|
0-0: Called Strike 0-1: Ground out 5-3 (Groundball, 5, EV 83.1 MPH)
|
|
Batting: LHB Brian Woods
|
0-0: Ball 1-0: Ground out 4-3 (Groundball, 34, EV 107.5 MPH)
|
|
Pitching: RHP T.J. Keenan
|
|
|
Batting: SHB Taylor Shelton
|
0-0: Called Strike 0-1: Ball 1-1: Foul Ball, location: 2F 1-2: DOUBLE (Line Drive, 9LS, EV 106.2 MPH)
|
|
Batting: RHB Chris Zubia
|
0-0: Intentional Walk
|
|
Batting: LHB Hector Salazar
|
0-0: Ball 1-0: Fly out, F7 (Flyball, 78M, EV 92.5 MPH)
|
| Bottom of the 9th over - 0 runs, 1 hit, 0 errors, 2 left on base; California State University at Fullerton 0 - University of Miami 0 |
| TOP OF THE 10TH |
|
California State University at Fullerton Titans batting - Pitching for University of Miami Hurricanes : RHP Gerald Heemskerk
|
|
Pitching: RHP Chris Moore
|
|
|
Now at SS: Drew Morgenstern
|
|
|
Batting: SHB Jason Pugh
|
0-0: Ground out 4-3 (Groundball, 4M, EV 83.1 MPH)
|
|
Batting: RHB Justin Thomas
|
0-0: Fly out, F7 (Flyball, 78D, EV 89.4 MPH)
|
|
Batting: LHB John Blumberg
|
0-0: Ball 1-0: Ball 2-0: Called Strike 2-1: Ground out 4-3 (Groundball, 4, EV 100.0 MPH)
|
| Top of the 10th over - 0 runs, 0 hits, 0 errors, 0 left on base; California State University at Fullerton 0 - University of Miami 0 |
| BOTTOM OF THE 10TH |
|
University of Miami Hurricanes batting - Pitching for California State University at Fullerton Titans : RHP T.J. Keenan
|
|
Pitching: RHP Lance Greven
|
|
|
Batting: LHB Addergoole Kartosuwiryo
|
0-0: Ball 1-0: Ball 2-0: Swinging Strike 2-1: Fly out, F8 (Line Drive, 78D, EV 93.8 MPH)
|
|
Batting: LHB Juan Zuniga
|
0-0: Called Strike 0-1: Fly out, F7 (Flyball, 7, EV 95.0 MPH)
|
|
Batting: RHB Mark Kerr
|
0-0: Called Strike 0-1: Foul Ball, location: 2F 0-2: Ball 1-2: Foul Ball, location: 2F 1-2: Ball 2-2: Reached on error, E3 (Groundball, 34, EV 102.5 MPH)
|
|
Batting: RHB Justin Jackson
|
0-0: Called Strike 0-1: Ball 1-1: Fly out, F8 (Flyball, 89M, EV 88.8 MPH)
|
| Bottom of the 10th over - 0 runs, 0 hits, 1 error, 1 left on base; California State University at Fullerton 0 - University of Miami 0 |
| TOP OF THE 11TH |
|
California State University at Fullerton Titans batting - Pitching for University of Miami Hurricanes : RHP Chris Moore
|
|
Batting: RHB Zach Warwick
|
0-0: Ball 1-0: Reached via error on a dropped throw from 3B, E3 (Groundball, 5S, EV 72.5 MPH)
|
|
Batting: RHB Alex Freyre
|
0-0: Ball Zach Warwick is caught stealing 2nd base 2-4 1-0: Ball 2-0: SINGLE (Groundball, 56D, EV 101.9 MPH)
|
|
Batting: LHB Mike Fernandez
|
0-0: Ball 1-0: Ball 2-0: Called Strike 2-1: Ball Alex Freyre is caught stealing 2nd base 2-6 3-1: Ground out 4-3 (Groundball, 4M, EV 100.0 MPH)
|
| Top of the 11th over - 0 runs, 1 hit, 1 error, 0 left on base; California State University at Fullerton 0 - University of Miami 0 |
| BOTTOM OF THE 11TH |
|
University of Miami Hurricanes batting - Pitching for California State University at Fullerton Titans : RHP Lance Greven
|
|
Batting: RHB Drew Morgenstern
|
0-0: Called Strike 0-1: Ground out 1-3 (Groundball, 15S, EV 68.8 MPH)
|
|
Batting: LHB Brian Woods
|
0-0: Ball 1-0: Ball 2-0: Ball 3-0: Swinging Strike 3-1: DOUBLE (Line Drive, 89XD, EV 98.1 MPH)
|
|
Batting: SHB Taylor Shelton
|
0-0: Intentional Walk
|
|
Batting: RHB Chris Zubia
|
0-0: SINGLE (Line Drive, 89S, EV 110.0 MPH) Brian Woods to third Taylor Shelton to second
|
|
Batting: LHB Hector Salazar
|
0-0: Foul Ball, location: 2F 0-1: Ball 1-1: Swinging Strike 1-2: Ball Wild Pitch! Brian Woods scores
|
| Bottom of the 11th over - 1 run, 2 hits, 0 errors, 2 left on base; California State University at Fullerton 0 - University of Miami 1 |
|